 Dungeon Sprint DCSS version 0.17-a0-1625-g47e540b (webtiles) character file.

12798 Kidiri the Unseen (level 11, -35/42 HPs)
             Began as a Spriggan Enchanter on Aug 2, 2015.
             Was a High Priest of Dithmenos.
             Annihilated by a spriggan berserker
             ... wielding a +0 antimagic flail
              (37 damage)
             ... in the Dungeon (Sprint IV: "Fedhas' Mad Dash") on Aug 3, 2015.
             The game lasted 00:20:12 (3516 turns).

Kidiri the Unseen (Spriggan Enchanter)              Turns: 3516, Time: 00:20:12

Health: -35/42     AC:  5    Str:  4    XL:     11   Next: 67%
Magic:  7/29       EV: 33    Int: 18    God:    Dithmenos [*****.]
Gold:   283        SH:  2    Dex: 19    Spells: 13 memorised, 7 levels left

rFire  . . .     SeeInvis +     a - +1 dagger
rCold  . . .     Clarity  .     e - +2 robe {MR+}
rNeg   . . .     SustAt   .     (shield restricted)
rPois  .         Gourm    .     (helmet restricted)
rElec  .         Spirit   .     (no cloak)
rCorr  .         Warding  .     (gloves unavailable)
rMut   .         NoTele   +     (boots unavailable)
MR     +++..                    (no amulet)
Stlth  ++++++++++               j - ring of protection from magic
                                k - ring of invisibility

@: wreathed by umbra, very quick, extremely resistant to hostile enchantments,
uncannily stealthy
A: unfitting armour, large bone plates 1, see invisible, deformed body,
herbivore 3, speed 3, frail 1, slow metabolism 2, wild magic 1
a: Shadow Step, Shadow Form, Renounce Religion, Evoke Invisibility


You were in the Dungeon.
You worshipped Dithmenos.
Dithmenos was extremely pleased with you.
You were not hungry.

You visited 1 branch You collected 532 gold pieces.
You spent 249 gold pieces at shops.

Inventory:

Hand weapons
 a - a +1 dagger (weapon)
 l - the +7 shortbow of Reapportionment {speed, rPois Str+4}
   (You found it in the Dungeon)

   Attacks with this weapon are significantly faster.
   It affects your strength (+4).
   It protects you from poison.
Missiles
 o - 11 stones (quivered)
 t - 25 arrows
Armour
 e - a +2 robe of magic resistance (worn)
Jewellery
 j - a ring of protection from magic (right hand)
 k - a ring of invisibility (left hand)
 s - an uncursed ring of ice
Scrolls
 d - 3 scrolls of identify
 q - a scroll of fog
Potions
 g - a potion of haste
 h - a potion of magic
 i - a potion of berserk rage
 m - a potion of cure mutation {unknown}
 p - a potion of resistance {unknown}
 r - a potion of curing
Books
 b - a book of Cantrips

   Spells                             Type                      Level
   a - Corona                         Hexes                        1
   b - Animate Skeleton               Necromancy                   1
   c - Summon Small Mammal            Summoning                    1
   d - Apportation                    Translocation                1
 c - a book of Maledictions

   Spells                             Type                      Level
   a - Corona                         Hexes                        1
   b - Ensorcelled Hibernation        Hexes/Ice                    2
   c - Confuse                        Hexes                        3
   d - Tukima's Dance                 Hexes                        3
   e - Dazzling Spray                 Conjuration/Hexes            3
 n - a book of Spatial Translocations

   Spells                             Type                      Level
   a - Apportation                    Translocation                1
   b - Blink                          Translocation                2
   c - Shroud of Golubria             Charms/Translocation         2
   d - Portal Projectile              Translocation                3
   e - Teleport Other                 Translocation                3
   f - Passage of Golubria            Translocation                4
Comestibles
 f - 9 royal jellies


   Skills:
 * Level 12.3 Short Blades
 + Level 1.3 Bows
 * Level 15.7 Dodging
 * Level 17.0 Stealth
 * Level 13.4 Spellcasting
 + Level 5.7 Conjurations
 * Level 11.3 Hexes
 + Level 6.5 Charms
 + Level 3.0 Summonings
 + Level 3.1 Necromancy
 + Level 6.5 Translocations
 + Level 6.5 Ice Magic
 - Level 7.2 Invocations
 + Level 9.9 Evocations


You had 7 spell levels left.
You knew the following spells:

 Your Spells              Type           Power        Failure   Level  Hunger
a - Corona                Hex            ######.      1%          1    None
b - Ensorcelled Hibernat  Hex/Ice        ######       1%          2    None
c - Confuse               Hex            ######..     1%          3    None
d - Tukima's Dance        Hex            ######..     1%          3    None
e - Dazzling Spray        Conj/Hex       ######..     3%          3    None
f - Blink                 Tloc           N/A          3%          2    None
g - Shroud of Golubria    Chrm/Tloc      ######....   3%          2    None
h - Portal Projectile     Tloc           ######       4%          3    None
i - Teleport Other        Tloc           ######..     4%          3    None
j - Passage of Golubria   Tloc           N/A          11%         4    #......
k - Apportation           Tloc           ######....   2%          1    None
l - Animate Skeleton      Necr           N/A          4%          1    None
m - Summon Small Mammal   Summ           ####         5%          1    None


Dungeon Overview and Level Annotations

Branches:
Dungeon (1/1)

Altars:
Cheibriados
Dithmenos
Elyvilon
Gozag
Kikubaaqudgha
Makhleb
Nemelex Xobeh
Okawaru
Qazlal
Ru
Sif Muna
Trog
Vehumet
Xom
Yredelemnul
Zin
The Shining One
Beogh
Jiyva
Lugonu

Shops:
D =*[!*[=[:!%%(!:?[}(*(

Annotations:
D exclusion: 2 oklob plants


Innate Abilities, Weirdness & Mutations

You are tiny and cannot use many weapons and most armour.
You have supernaturally acute eyesight.
You are a herbivore.
You cover ground extremely quickly.
You need consume almost no food.
You are partially covered in large bone plates (AC +2, SH +2).
Armour fits poorly on your strangely shaped body.
You are frail (-10% HP).
Your spells are a little harder to cast, but a little more powerful.


Message History

Confirm with . or Enter, or press ? or * to list all spells.
Okay, then.
Unknown command.
Drink which item? (? for menu, Esc to quit)
Okay, then.
The spriggan berserker rages.
The spriggan berserker completely misses you.
Casting: Blink
Confirm with . or Enter, or press ? or * to list all spells.
Aiming: Ensorcelled Hibernation
Press: ? - help, Shift-Dir - straight line, f/p - spriggan berserker
Aim: a spriggan berserker, wielding an antimagic flail, wearing an animal skin and wearing a steel ring (berserk, fast, unusually strong, regenerating, umbra, chance to defeat MR: 3%)
Okay, then.
Unknown command.
Casting: Ensorcelled Hibernation
Confirm with . or Enter, or press ? or * to list all spells.
You blink.
The spriggan berserker hits you with an antimagic flail!!!
Ouch! That really hurt!
You die...

##############################
#.................§....# ###
#∩...................P.#####.)
#∩...........)......)P........
#∩...................P...#####
###########'############## ###
#....§.....# ###..#####..
#.......P..# #.)..'...a..
###.P..i@### #%.a.#####P.
###...## ##....# ###
#.§..####.....#####∩∩
#.............+....∩.
#....a........#####∩∩
############### ###


You could see a spriggan berserker (berserk).

Vanquished Creatures
  Agnes (D)
  A ghost moth (D)
  A spriggan defender (D)
  A spriggan berserker (D)
  A spriggan druid (D)
  9 oklob plants (D)
  3 demonic crawlers (D)
  A queen bee (D)
  3 burning bushes (D)
  3 wandering mushrooms (D)
  6 wasps (D)
  A scorpion (D)
  4 killer bees (D)
  5 oklob saplings (D)
  A worker ant (D)
  8 spriggans (D)
  A river rat (D)
  A rat (D)
  4 ballistomycetes (D)
  2 giant spores (D)
57 creatures vanquished.

Vanquished Creatures (collateral kills)
  A scorpion (D)
1 creature vanquished.

Grand Total: 58 creatures vanquished

Notes
Turn   | Place    | Note
--------------------------------------------------------------
     0 | D        | Kidiri the Spriggan Enchanter began the quest for the Orb.
     0 | D        | Reached XP level 1. HP: 9/9 MP: 5/5
     9 | D        | Reached skill level 5 in Stealth
     9 | D        | Reached XP level 2. HP: 13/13 MP: 5/7
    18 | D        | Learned a level 2 spell: Ensorcelled Hibernation
    40 | D        | Noticed an oklob sapling
   444 | D        | Killed an oklob sapling
   444 | D        | Reached skill level 5 in Dodging
   444 | D        | Reached skill level 6 in Stealth
   444 | D        | Reached XP level 3. HP: 16/16 MP: 7/9
   449 | D        | Learned a level 3 spell: Confuse
   454 | D        | Learned a level 3 spell: Tukima's Dance
   465 | D        | Noticed a worker ant
   467 | D        | Killed a worker ant
   467 | D        | Reached skill level 1 in Ice Magic
   489 | D        | Noticed an oklob sapling
   492 | D        | Killed an oklob sapling
   492 | D        | Reached skill level 7 in Stealth
   492 | D        | Reached skill level 5 in Spellcasting
   492 | D        | Reached skill level 1 in Evocations
   492 | D        | Reached XP level 4. HP: 21/21 MP: 9/12
   505 | D        | Found a snail-covered altar of Cheibriados.
   505 | D        | Found a glowing silver altar of Zin.
   505 | D        | Found a white marble altar of Elyvilon.
   505 | D        | Found a viscous altar of Jiyva.
   505 | D        | Found a radiant altar of Vehumet.
   505 | D        | Found a deep blue altar of Sif Muna.
   505 | D        | Found an ancient bone altar of Kikubaaqudgha.
   505 | D        | Found a bloodstained altar of Trog.
   505 | D        | Found a corrupted altar of Lugonu.
   505 | D        | Noticed an oklob sapling priest
   506 | D        | Found a burning altar of Makhleb.
   506 | D        | Found a sacrificial altar of Ru.
   507 | D        | Found a glowing golden altar of the Shining One.
   507 | D        | Found a sparkling altar of Nemelex Xobeh.
   508 | D        | Found a shadowy altar of Dithmenos.
   509 | D        | Found an iron altar of Okawaru.
   509 | D        | Found a shimmering altar of Xom.
   510 | D        | Found an opulent altar of Gozag.
   511 | D        | Found a basalt altar of Yredelemnul.
   511 | D        | Found a roughly hewn altar of Beogh.
   512 | D        | Killed an oklob sapling priest
   512 | D        | Reached skill level 8 in Stealth
   512 | D        | Reached skill level 5 in Hexes
   512 | D        | Reached XP level 5. HP: 24/24 MP: 12/14
   513 | D        | Found a stormy altar of Qazlal.
   518 | D        | Became a worshipper of Dithmenos the Shadowed
   625 | D        | Noticed an oklob sapling wizard
  1123 | D        | Learned a level 3 spell: Dazzling Spray
  1133 | D        | Killed an oklob sapling wizard
  1133 | D        | Reached skill level 5 in Short Blades
  1148 | D        | Noticed a scorpion
  1154 | D        | Reached skill level 1 in Invocations
  1154 | D        | HP: 1/24 [spriggan/rapier of venom (6)]
  1196 | D        | Killed a scorpion
  1196 | D        | Reached skill level 9 in Stealth
  1196 | D        | Reached skill level 1 in Conjurations
  1201 | D        | HP: 1/24 [spriggan (1)]
  1499 | D        | Found Pyev's Book Shop.
  1499 | D        | Found Jabu Xepsasi's Distillery.
  1503 | D        | Bought a potion of mutation for 25 gold pieces
  1503 | D        | Gained mutation: Your spells are a little harder to cast, but a little more powerful. [potion of mutation]
  1503 | D        | Gained mutation: You are partially covered in large bone plates (AC +2, SH +2). [potion of mutation]
  1503 | D        | Gained mutation: Armour fits poorly on your strangely shaped body. [potion of mutation]
  1507 | D        | Noticed a burning bush
  1507 | D        | Noticed a wandering mushroom
  1508 | D        | Noticed a scorpion
  1508 | D        | Noticed a wandering mushroom
  1511 | D        | Killed a wandering mushroom
  1511 | D        | Reached skill level 10 in Stealth
  1511 | D        | Reached XP level 6. HP: 28/28 MP: 14/17
  1513 | D        | Killed a burning bush
  1513 | D        | Reached skill level 11 in Stealth
  1513 | D        | Reached XP level 7. HP: 32/32 MP: 14/19
  1514 | D        | Killed a wandering mushroom
  1514 | D        | Reached skill level 10 in Dodging
  1514 | D        | Reached skill level 5 in Evocations
  1516 | D        | Killed a scorpion
  1522 | D        | Found Baniedgheisyst's Antique Weapon Emporium.
  1522 | D        | Found Fanux's Gadget Shoppe.
  1598 | D        | Noticed a queen bee
  1598 | D        | Noticed a killer bee
  1599 | D        | Noticed a killer bee
  1603 | D        | Noticed a killer bee
  1603 | D        | Noticed a killer bee
  1605 | D        | Killed a queen bee
  1605 | D        | Acquired Dithmenos's first power
  1605 | D        | Reached skill level 12 in Stealth
  1605 | D        | Reached XP level 8. HP: 36/36 MP: 20/22
  1606 | D        | Killed a killer bee
  1607 | D        | Killed a killer bee
  1609 | D        | Killed a killer bee
  1610 | D        | Killed a killer bee
  1622 | D        | Gained mutation: You are frail (-10% HP). [mutagenic glow]
  1624 | D        | Noticed an oklob plant
  1627 | D        | Killed an oklob plant
  1627 | D        | Reached skill level 10 in Spellcasting
  1853 | D        | Noticed a burning bush
  1856 | D        | Killed a burning bush
  1856 | D        | Acquired Dithmenos's second power
  1856 | D        | Reached skill level 13 in Stealth
  1870 | D        | Noticed an oklob sapling
  1870 | D        | Noticed a burning bush
  1870 | D        | Noticed an oklob plant
  1871 | D        | Noticed a wandering mushroom
  1882 | D        | Killed a burning bush
  1882 | D        | Reached XP level 9. HP: 35/35 MP: 21/24
  2107 | D        | Killed a wandering mushroom
  2107 | D        | Reached skill level 5 in Invocations
  2115 | D        | Killed an oklob plant
  2117 | D        | Killed an oklob sapling
  2121 | D        | Got a translucent shortbow
  2122 | D        | Identified the +7 shortbow of Reapportionment {speed, rPois Str+4} (You found it in the Dungeon)
  2310 | D        | Noticed a spriggan druid
  2312 | D        | Killed a spriggan druid
  2312 | D        | Reached skill level 10 in Short Blades
  2312 | D        | Reached skill level 14 in Stealth
  2312 | D        | Reached skill level 5 in Ice Magic
  2327 | D        | Noticed an oklob plant conjurer
  2329 | D        | Killed an oklob plant conjurer
  2339 | D        | Learned a level 2 spell: Blink
  2342 | D        | Learned a level 2 spell: Shroud of Golubria
  2346 | D        | Learned a level 3 spell: Portal Projectile
  2350 | D        | Learned a level 3 spell: Teleport Other
  2355 | D        | Learned a level 4 spell: Passage of Golubria
  2625 | D        | Noticed Agnes
  2629 | D        | Noticed an oklob plant
  2629 | D        | Noticed an oklob plant summoner
  2630 | D        | Noticed an oklob plant shifter
  2633 | D        | Killed an oklob plant
  2633 | D        | Reached skill level 1 in Charms
  2633 | D        | Reached skill level 1 in Translocations
  2633 | D        | Reached XP level 10. HP: 39/39 MP: 19/26
  2635 | D        | Killed an oklob plant summoner
  2637 | D        | Killed an oklob plant shifter
  2646 | D        | Noticed a demonic crawler
  2648 | D        | Killed a demonic crawler
  2648 | D        | Reached skill level 15 in Stealth
  2650 | D        | Noticed a spriggan rider
  2650 | D        | Noticed a spriggan
  2650 | D        | Noticed a spriggan
  2651 | D        | Found Xureef's General Store.
  2654 | D        | Killed a spriggan
  2656 | D        | Found Lerphiti's Weapon Shoppe.
  2657 | D        | Killed a spriggan
  2657 | D        | Acquired Dithmenos's third power
  2659 | D        | Killed a spriggan rider
  2659 | D        | Killed a wasp
  2679 | D        | Bought a potion of curing for 39 gold pieces
  2679 | D        | Bought a potion of curing for 39 gold pieces
  2679 | D        | Bought a scroll of enchant armour for 97 gold pieces
  2700 | D        | Learned a level 1 spell: Apportation
  2702 | D        | Learned a level 1 spell: Animate Skeleton
  2704 | D        | Learned a level 1 spell: Summon Small Mammal
  2728 | D        | Found Zef Ygg's Magic Scroll Emporium.
  2728 | D        | Noticed a spriggan berserker
  2730 | D        | Killed a spriggan berserker
  2733 | D        | Found Moetoiblu's Armour Shoppe.
  2734 | D        | Killed Agnes
  2734 | D        | Reached skill level 16 in Stealth
  2734 | D        | Reached skill level 5 in Conjurations
  2734 | D        | Reached skill level 10 in Hexes
  2734 | D        | Reached skill level 1 in Summonings
  2734 | D        | Reached skill level 1 in Necromancy
  2734 | D        | Reached XP level 11. HP: 42/42 MP: 23/28
  2774 | D        | Noticed a spriggan defender
  2781 | D        | Killed a spriggan defender
  2781 | D        | Reached skill level 5 in Charms
  2781 | D        | Reached skill level 5 in Translocations
  2795 | D        | Bought a scroll of identify for 24 gold pieces
  2807 | D        | Noticed a spriggan rider
  2810 | D        | Noticed a spriggan
  2811 | D        | Killed a spriggan rider
  2811 | D        | Killed a wasp
  2811 | D        | Reached skill level 15 in Dodging
  2817 | D        | Killed a spriggan
  2823 | D        | Noticed a wasp
  2823 | D        | Noticed a demonic crawler
  2823 | D        | Noticed a ghost moth
  2852 | D        | Killed a wasp
  2858 | D        | Killed a demonic crawler
  2858 | D        | Acquired Dithmenos's fourth power
  3076 | D        | Killed a ghost moth
  3188 | D        | Found Japligun's Antique Armour Emporium.
  3188 | D        | Found Caoh Deu's Assorted Antiques.
  3188 | D        | Found Fijes's Jewellery Shoppe.
  3252 | D        | Noticed an oklob plant shifter
  3252 | D        | Noticed an oklob plant meteorologist
  3254 | D        | Killed an oklob plant meteorologist
  3263 | D        | Killed an oklob plant shifter
  3277 | D        | Noticed a demonic crawler
  3277 | D        | Noticed a wasp
  3278 | D        | Noticed a spriggan rider
  3278 | D        | Noticed a wasp
  3282 | D        | Killed a wasp
  3290 | D        | Killed a wasp
  3290 | D        | Reached skill level 1 in Bows
  3292 | D        | Killed a demonic crawler
  3292 | D        | Reached skill level 17 in Stealth
  3294 | D        | Killed a wasp
  3298 | D        | Killed a spriggan
  3334 | D        | Found Bent's Assorted Antiques.
  3334 | D        | Found Voysch's Armour Boutique.
  3334 | D        | Found Azuyhuet's Distillery.
  3334 | D        | Found Ikatugiq's Antique Armour Emporium.
  3334 | D        | Found Mooc's Jewellery Shoppe.
  3352 | D        | Found Cufajow's Distillery.
  3352 | D        | Found Necsoble's Food Shop.
  3352 | D        | Found Xik Obue's Book Boutique.
  3365 | D        | Bought a potion of mutation for 25 gold pieces
  3372 | D        | Gained mutation: Your muscles are strong. (Str +2) [potion of mutation]
  3372 | D        | Lost mutation: Your muscles are strong. (Str +2) [potion of mutation]
  3405 | D        | Noticed an oklob plant summoner
  3406 | D        | Found Epsoenia's Food Emporium.
  3407 | D        | Found Jelih's Weapon Shop.
  3409 | D        | Killed an oklob plant summoner
  3417 | D        | Noticed an oklob plant demonologist
  3417 | D        | Noticed an oklob plant annihilator
  3437 | D        | Noticed a spriggan berserker
  3482 | D        | Noticed a worker ant
  3507 | D        | HP: 1/42 [spriggan berserker/antimagic flail (9)]
  3516 | D        | Annihilated by a spriggan berserker

Vault maps used:
D:        dungeon_sprint_fedhas

Action                   |  1- 3 |  4- 6 |  7- 9 | 10-12 || total
-------------------------+-------+-------+-------+-------++-------
Melee: Dagger            |     5 |    27 |    31 |    88 ||   151
Throw: Stone             |       |       |     1 |     1 ||     2
 Cast: Dazzling Spray    |       |     2 |     4 |    18 ||    24
       Corona            |       |     2 |       |       ||     2
       Ensorcelled Hiber |       |     1 |     1 |     4 ||     6
       Tukima's Dance    |       |     1 |       |       ||     1
       Confuse           |       |       |     1 |     2 ||     3
       Blink             |       |       |       |     2 ||     2
Invok: Shadow Step       |       |       |     1 |     5 ||     6
 Abil: Evoke Invisibilit |     1 |     3 |     6 |     1 ||    11
  Use: Potion            |       |     3 |       |     3 ||     6
       Scroll            |       |     1 |       |     2 ||     3
 Stab: Sleeping          |     3 |     3 |    12 |    15 ||    33
       Distracted        |     1 |       |       |       ||     1
       Invisible         |       |     1 |     4 |     4 ||     9
       Confused          |       |       |     2 |       ||     2
  Eat: Bread ration      |       |     1 |       |       ||     1
